Map: Baie du Roi EC

Players

NeWHoriZonS

  • Race: Protoss Protoss
  • League: Master
  • Spawn Location: 11:00

zuka - Winner!

  • Race: Protoss Protoss
  • League: Master
  • Spawn Location: 5:00

VOD

Have the link to the VOD?

Description

Time

  • Played on: April 20, 2019, 8:41 a.m.
  • Length: 10:55
Show
View Real Time Build Order
Export as new Build Order

NeWHoriZonS Protoss 

Build Orders: Oracle Opening, Zealot Archon 

Get SALT Encoding   

  12  0:00  Probe  
  13  0:12  Probe  
  14  0:18  Pylon  
  14  0:21  Probe  
  15  0:32  Probe  
  15  0:39  Gateway  
  16  0:44  Probe  
  17  0:52  Assimilator  
  17  0:56  Probe  
  18  1:02  Assimilator  
  18  1:08  Probe  
  19  1:17  Gateway  
  20  1:27  Cybernetics Core  
  20  1:29  Probe  
  20  1:41  Probe  
  20  1:42  Pylon  
  21  1:53  Probe  
  22  1:58  Pylon  
  22  2:06  Stargate  
  22  2:14  Stalker  
  24  2:24  Stalker  
  24  2:26  Warp Gate  
  26  2:36  Pylon  
  26  2:42  Probe  
  26  2:53  Oracle  
  29  3:06  Probe  
  30  3:31  Nexus  
  27  3:49  Twilight Council  
  27  3:50  Probe  
  28  4:01  Pylon  
  28  4:02  Probe  
  29  4:14  Probe, Stalker  
  29  4:15  Stalker  
  34  4:24  Probe  
  34  4:26  Dark Shrine  
  35  4:32  Probe  
  35  4:36  Pylon  
  36  4:40  Probe  
  37  4:46  Sentry x2  
  37  4:47  Probe  
  37  4:49  Probe  
  42  4:57  Probe  
  42  4:59  Probe  
  44  5:02  Shield Battery  
  41  5:15  Probe x2  
  43  5:26  Assimilator  
  43  5:27  Probe x2  
  43  5:28  Assimilator  
  45  5:36  Probe  
  45  5:38  Dark Templar  
  45  5:39  Probe, Dark Templar  
  51  5:44  Probe  
  51  5:51  Probe  
  51  5:53  Probe  
  51  6:03  Probe  
  51  6:04  Charge  
  52  6:05  Probe  
  53  6:11  Dark Templar, Zealot  
  53  6:14  Probe  
  53  6:15  Probe  
  59  6:22  Probe  
  59  6:27  Robotics Facility  
  59  6:31  Probe, Forge  
  59  6:36  Dark Templar  
  59  6:37  Probe  
  63  6:41  Archon  
  63  6:43  Probe  
  64  6:47  Archon  
  64  6:49  Probe  
  65  6:55  Probe  
  64  7:01  Probe  
  64  7:05  Protoss Ground Weapons Level 1, Pylon, Gateway  
  64  7:06  Pylon  
  64  7:07  Gateway  
  65  7:19  Warp Prism  
  64  7:26  Probe  
  64  7:29  Probe  
  66  7:36  Gateway  
  68  7:37  Gateway  
  68  7:52  Probe  
  68  7:53  Probe  
  70  7:59  Nexus  
  70  8:01  Pylon  
  70  8:02  Probe  
  70  8:05  Probe  
  72  8:08  Templar Archives  
  72  8:10  Probe  
  72  8:17  Probe  
  72  8:19  Probe  
  75  8:27  Pylon  
  75  8:28  Pylon  
  75  8:29  Probe  
  75  8:30  Pylon  
  75  8:32  Probe  
  77  8:41  Probe  
  77  8:44  High Templar x3  
  77  8:45  High Templar x3  
  77  8:48  Archon x2  
  90  8:49  Archon  
  90  8:53  Probe x2  
  90  8:54  Gateway x2  
  90  8:55  Assimilator  
  92  8:56  Pylon  
  92  8:59  Assimilator  
  92  9:17  Zealot x5  
  92  9:21  Probe  
  103  9:26  Probe x2  
  105  9:33  Probe  
  106  9:41  Adept  
  106  9:42  Adept x3  
  114  9:48  Probe x2  
  114  9:49  Probe  
  111  10:00  Probe x2  
  111  10:01  Probe  
  111  10:03  High Templar x4  
  111  10:04  Zealot x4  
  126  10:10  Pylon  
  126  10:11  Pylon  
  126  10:12  Probe  
  127  10:15  Archon  
  127  10:16  Archon  
  127  10:26  Zealot  
  127  10:27  Zealot x3  
  111  10:35  Zealot  
  111  10:36  Zealot x3  
  109  10:47  Zealot x3  
  109  10:48  Zealot  
Show
View Real Time Build Order
Export as new Build Order

zuka Protoss - Winner!

Build Orders: Phoenix Opening 

Get SALT Encoding   

  12  0:01  Probe  
  13  0:13  Probe  
  14  0:18  Pylon  
  14  0:21  Probe  
  15  0:32  Probe  
  15  0:39  Gateway  
  16  0:42  Probe  
  16  0:48  Assimilator  
  17  0:54  Probe  
  18  0:58  Assimilator  
  18  1:02  Probe  
  19  1:11  Probe  
  19  1:12  Gateway  
  20  1:22  Probe  
  21  1:30  Cybernetics Core  
  21  1:35  Probe  
  22  1:41  Pylon  
  23  1:47  Probe  
  23  1:58  Warp Gate  
  23  1:59  Probe  
  24  2:07  Stalker x2  
  28  2:19  Pylon  
  28  2:30  Stargate  
  28  2:40  Stalker  
  28  2:42  Shield Battery  
  30  2:50  Stalker  
  32  2:57  Shield Battery  
  32  3:06  Phoenix  
  34  3:29  Phoenix  
  36  3:43  Nexus  
  36  3:53  Robotics Facility  
  35  4:07  Probe  
  36  4:12  Phoenix  
  36  4:15  Pylon  
  38  4:19  Probe  
  39  4:27  Pylon  
  39  4:33  Probe  
  39  4:34  Observer  
  40  4:45  Probe  
  42  4:48  Shield Battery  
  42  4:50  Immortal  
  42  4:57  Probe  
  48  5:00  Probe  
  48  5:09  Probe  
  48  5:12  Probe  
  50  5:21  Probe  
  50  5:24  Probe  
  52  5:33  Probe  
  52  5:35  Twilight Council  
  53  5:36  Probe, Pylon  
  53  5:37  Pylon  
  53  5:42  Pylon  
  54  5:45  Probe  
  54  5:48  Probe  
  56  5:57  Probe  
  56  6:00  Probe  
  56  6:02  Zealot x2  
  56  6:03  Charge  
  62  6:05  Assimilator  
  62  6:07  Assimilator  
  63  6:12  Probe  
  63  6:15  Probe  
  64  6:24  Probe  
  65  6:27  Probe  
  66  6:33  Immortal  
  66  6:36  Probe  
  66  6:38  Stalker  
  70  6:46  Pylon  
  73  6:53  Nexus  
  73  6:58  Probe x2  
  75  7:03  Templar Archives  
  75  7:09  Pylon  
  75  7:10  Probe  
  75  7:12  Pylon  
  75  7:15  Zealot x2  
  80  7:31  Gateway  
  80  7:32  Gateway  
  80  7:35  Gateway  
  80  7:44  High Templar x2  
  80  7:46  Assimilator  
  80  7:49  Probe x2, Assimilator  
  86  7:51  Gateway  
  86  7:54  Pylon  
  86  7:56  Gateway  
  86  7:59  Shield Battery  
  86  8:01  Probe x2  
  88  8:10  Forge  
  88  8:13  Probe  
  88  8:14  Probe  
  88  8:17  High Templar  
  88  8:18  High Templar  
  94  8:21  Probe  
  94  8:22  Protoss Ground Weapons Level 1  
  94  8:25  Probe  
  94  8:26  Probe  
  97  8:29  High Templar x2  
  97  8:30  Archon x2  
  97  8:33  Probe  
  102  8:34  Gateway  
  102  8:38  Probe  
  102  8:39  Gateway  
  103  8:45  Probe x2  
  103  8:46  High Templar x2  
  103  8:47  Archon  
  109  8:49  Pylon  
  109  8:50  Probe  
  109  8:54  High Templar, Warp Prism  
  112  8:56  Zealot  
  112  8:57  Pylon  
  112  8:58  Archon  
  116  9:12  Probe x3  
  116  9:15  High Templar x2  
  123  9:24  Probe x2  
  123  9:27  High Templar  
  123  9:28  Zealot x3  
  123  9:29  Zealot  
  123  9:30  Archon  
  135  9:32  Probe  
  135  9:36  Probe  
  135  9:37  Archon  
  136  9:48  Stalker x4  
  135  9:55  Probe x2  
  136  10:00  High Templar x2  
  136  10:01  Zealot  
  141  10:07  Archon  
  141  10:09  Zealot x2  
  141  10:14  Pylon  
  113  10:40  Zealot x3  
  113  10:41  Zealot x4  
  113  10:42  Zealot x2  
Tags
 
Add a new tag
Caveats
  • Supply blocks, unpowered buildings, or Contaminate may cause inaccurate times.
  • Supply counts are checked every 10 seconds.